 Dungeon Crawl Stone Soup version 0.21-a0-221-gfe971b9 (webtiles) character file.

53 tidbits the Skirmisher (level 3, -2/33 HPs)
             Began as a Demigod Wanderer on Aug 27, 2017.
             Slain by a phantom (5 damage)
             ... on level 3 of the Dungeon.
             The game lasted 00:06:38 (729 turns).

tidbits the Skirmisher (Demigod Wanderer)            Turns: 729, Time: 00:06:39

Health: -2/33      AC:  2    Str: 16    XL:     3   Next: 41%
Magic:  6/6        EV: 13    Int: 22    God:
Gold:   124        SH:  0    Dex: 15    Spells: 2/2 levels left

rFire    . . .     SeeInvis .   a - +2 dagger
rCold    . . .     Gourm    .   (no shield)
rNeg     . . .     Faith    .   e - +0 robe
rPois    +         Spirit   .   (no helmet)
rElec    .         Reflect  .   (no cloak)
rCorr    .         Harm     .   (no gloves)
MR       .....                  (no boots)
Stlth    ++........             (no amulet)
HPRegen  0.11/turn              P - ring of poison resistance
MPRegen  0.10/turn              (no ring)

@: brilliant
A: high mp 1
a: no special abilities


You were on level 3 of the Dungeon.
You were not hungry.

You visited 1 branch of the dungeon, and saw 3 of its levels.

You collected 124 gold pieces.

Inventory:

Hand Weapons
 a - a +2 dagger (weapon)
Missiles
 g - 49 stones (quivered)
 h - 42 arrows
Armour
 e - a +0 robe (worn)
Jewellery
 P - a ring of poison resistance (left hand)
   (You found it on level 3 of the Dungeon)
Scrolls
 i - a scroll of magic mapping {unknown}
 j - a scroll of amnesia
 k - a scroll of remove curse {unknown}
 l - a scroll of fear {unknown}
 n - a scroll of identify {unknown}
Potions
 b - a potion of haste
 c - a potion of curing
 o - a potion of magic {unknown}
Comestibles
 f - a bread ration


   Skills:
 + Level 4.1 Fighting
   Level 1.7 Staves
 + Level 2.5 Dodging
 - Level 1.3 Stealth
   Level 1.0 Shields
   Level 1.0 Evocations


You had 2 spell levels left.
You didn't know any spells.

Dungeon Overview and Level Annotations

Branches:
Dungeon (3/15)

Portals:
Sewer: D:3

Annotations:
D:2 2 transporters
D:3 Sigmund


Innate Abilities, Weirdness & Mutations

You have an increased reservoir of magic. (+10% MP)


Message History

The leopard gecko bites you.
The giant cockroach completely misses you.
You hit the giant cockroach but do no damage.
The leopard gecko barely misses you. The phantom closely misses you.
The leopard gecko bites you. The giant cockroach barely misses you.
The leopard gecko bites you.
Your unstable footing causes you to fumble your attack.
The leopard gecko bites you. The phantom hits you.
* * * LOW HITPOINT WARNING * * *
The phantom blinks!
The leopard gecko closely misses you. The giant cockroach misses you.
The leopard gecko bites you but does no damage.
The leopard gecko misses you.
You hit the giant cockroach.
The giant cockroach is moderately wounded.
The leopard gecko closely misses you.
The phantom hits you but does no damage.
The giant cockroach misses you. The leopard gecko closely misses you.
The leopard gecko bites you.
* * * LOW HITPOINT WARNING * * *
The leopard gecko misses you. The leopard gecko bites you.
* * * LOW HITPOINT WARNING * * *
The leopard gecko barely misses you. The leopard gecko misses you.
The leopard gecko closely misses you.
You turn into a tree.
Your +0 robe melds into your body.
Your roots penetrate the ground.
The leopard gecko bites you but does no damage. x2
Wield which item (- for none, * to show all)? (? for menu, Esc to quit)
You are now empty-handed.
The leopard gecko bites you but does no damage.
Really attack barehanded? [Y]es or [N]o only, please.
Really attack barehanded?
You closely miss the phantom.
The leopard gecko completely misses you.
The leopard gecko barely misses you.
The phantom hits you but does no damage.
You smack the phantom!
The phantom is moderately damaged.
The leopard gecko bites you but does no damage. x2
The phantom blinks!
You closely miss the leopard gecko.
The leopard gecko bites you but does no damage. x3
You smack the leopard gecko!
You kill the leopard gecko!
The leopard gecko bites you but does no damage. x2
You smack the leopard gecko!
You kill the leopard gecko!
The leopard gecko bites you but does no damage.
You smack the leopard gecko!
You kill the leopard gecko!
The giant cockroach bites you but does no damage. x2
You smack the giant cockroach!
You kill the giant cockroach!
Unknown command.
You hit the phantom.
The phantom is moderately damaged.
The phantom hits you.
* * * LOW HITPOINT WARNING * * *
You smack the phantom!
The phantom is heavily damaged.
The phantom hits you but does no damage.
You barely miss the phantom.
The phantom is heavily damaged.
Your transformation is almost over.
The phantom hits you.
* * * LOW HITPOINT WARNING * * *
You smack the phantom!
The phantom is almost destroyed.
The phantom hits you but does no damage.
You hit the phantom but do no damage.
The phantom is almost destroyed.
The phantom hits you but does no damage.
You closely miss the phantom.
The phantom is almost destroyed.
You hear the brisk rusting of a drain.
The phantom hits you but does no damage.
You hit the phantom but do no damage.
The phantom is almost destroyed.
The phantom blinks!
You hit the phantom but do no damage.
The phantom is almost destroyed.
The phantom blinks!
You barely miss the phantom.
The phantom is almost destroyed.
The phantom blinks!
You cannot move.
Unknown command.
You feel less wooden.
Your +0 robe unmelds from your body.
The phantom blinks!
Wield which item (- for none, * to show all)? (? for menu, Esc to quit)
a - a +2 dagger (weapon)
You closely miss the phantom.
The phantom is almost destroyed.
The phantom hits you.
* * * LOW HITPOINT WARNING * * *
It was a potion of brilliance.
You feel clever all of a sudden. The phantom hits you.
You die...

.#.####.##..#.#
.#.## ## #.##..#.#
....### .#
#.#..... ##.......
#..
#.#...####........
#.#
#.#...†..W........
#.#
#.≈≈########......
##
#≈≈≈≈≈≈≈..≈##...#.
##≈≈≈≈≈≈≈≈W≈#...#
#########@†# ....
. ##≈≈≈≈≈≈.†# .##
. #≈..∩.≈.≈## .#
#..≈≈≈≈≈≈##
#..####### #


You could see a phantom.

Vanquished Creatures
  An adder (D:2)
  A worm (D:2)
  2 dart slugs (D:1)
  5 leopard geckos
  A ball python (D:1)
  2 giant cockroaches (D:3)
  6 goblins
  A hobgoblin (D:2)
  A kobold (D:2)
  2 bats
  2 frilled lizards (D:2)
  9 rats
33 creatures vanquished.

Vanquished Creatures (others)
  A minotaur (D:1)
  2 octopodes (D:1)
  A draconian (D:1)
  2 vine stalkers (D:1)
  A spriggan (D:1)
  A formicid (D:1)
  A naga (D:1)
  A mummy (D:1)
  2 kobolds (D:1)
  4 tentacles (D:1)
16 creatures vanquished.

Grand Total: 49 creatures vanquished

Notes
Turn   | Place    | Note
-------+----------+-------------------------------------------
     0 | D:1      | tidbits the Demigod Wanderer began the quest for the Orb.
     0 | D:1      | tidbits set off with: a +2 dagger, a potion of haste, a potion of curing, a potion of lignification, a +0 robe, a bread ration
     0 | D:1      | Reached XP level 1. HP: 19/19 MP: 3/3
     0 | D:1      | Noticed a vine stalker
     0 | D:1      | Noticed an octopode
     0 | D:1      | Noticed a draconian
     0 | D:1      | Noticed a spriggan
     0 | D:1      | Noticed a kraken
     0 | D:1      | Noticed a naga
     0 | D:1      | Noticed a vine stalker
     0 | D:1      | Noticed a formicid
     0 | D:1      | Noticed a minotaur
     0 | D:1      | Noticed an octopode
     3 | D:1      | Killed a spriggan
     4 | D:1      | Killed a naga
     7 | D:1      | Killed an octopode
    11 | D:1      | Killed a minotaur
    11 | D:1      | Killed a vine stalker
    12 | D:1      | Killed a formicid
    13 | D:1      | Killed a draconian
    13 | D:1      | Killed a vine stalker
    13 | D:1      | Killed an octopode
   203 | D:1      | Reached XP level 2. HP: 16/27 MP: 5/5
   319 | D:2      | Noticed an ice beast
   412 | D:3      | Noticed Sigmund
   433 | D:2      | Reached skill level 4 in Fighting
   433 | D:2      | Reached skill level 2 in Dodging
   434 | D:2      | Reached XP level 3. HP: 27/33 MP: 6/6
   470 | D:2      | Found a transporter.
   477 | D:2      | Found a transporter.
   522 | D:2      | Found a stormy altar of Qazlal.
   527 | D:2      | You fall through a shaft!
   554 | D:3      | Found a blossoming altar of Fedhas.
   555 | D:3      | Noticed a phantom
   693 | D:3      | Found a glowing drain.
   728 | D:3      | HP: 3/33 [phantom (6)]
   729 | D:3      | Slain by a phantom

Vault maps used:
D:1:      nicolae_arrival_kraken_aquarium_a, lemuel_old_faithful
D:2:      lemuel_coloured_pillars_altar, gammafunk_temple_overflow_arena,
          chequers_ecumenical_altar_simple_redux, uniq_robin
D:3:      gup_sewer_entry_pipe, fedhas_altar_1, uniq_sigmund

Skill      XL: |  1  2 |
---------------+-------+-----
Fighting       | 4 |  4.1
Dodging        | 2 |  2.5
Staves         | |  1.7
Stealth        | |  1.3
Shields        | |  1.0
Evocations     | |  1.0

Action                   || total
-------------------------++-------
Melee: Dagger            ||    74
       Unarmed           ||    26
  Use: Potion            ||     3
       Scroll            ||     1
 Stab: Sleeping          ||     4
Armor: Robe              ||    11
       Skin              ||    25
Dodge: Dodged            ||    54

Table legend:
 A = Spawn XP
 B = Non-spawn XP
 C = Spawn XP percentage of total XP
 D = Spawn monster count
 E = Non-spawn monster count
 F = Spawn count percentage of total count
 G = Total turns spent on level
                    A         B        C        D         E        F      G
               +---------+---------+-------+---------+---------+-------+---------
         Total |       1 |      75 |   1.3 |       1 |      32 |   3.0 |   729
               +---------+---------+-------+---------+---------+-------+---------
           D:1 |       0 |      27 |   0.0 |       0 |      14 |   0.0 |   314
           D:2 |       0 |      30 |   0.0 |       0 |      11 |   0.0 |   134
           D:3 |       1 |      18 |   5.3 |       1 |       7 |  12.5 |   281
               +---------+---------+-------+---------+---------+-------+---------

Table legend:
 A = Turns spent in this place as a percentage of turns spent in the entire game.
 B = Non-inter-level travel turns spent in this place as a percentage of non-inter-level travel turns spent in the entire game.
 C = Inter-level travel turns spent in this place as a percentage of turns spent in this place.
 D = Turns resting spent in this place as a percentage of non-inter-level travel turns spent in this place.
 E = Turns spent auto-exploring this place as a percentage of non-inter-level travel turns spent in this place.
 F = Non-inter-level travel turns spent in this place divided by the number of levels of this place that you've seen.
                   A       B       C       D       E      F
               +-------+-------+-------+-------+-------+----------------------
         Total | 100.0 | 100.0 |   0.8 |   0.0 |   0.0 | 241.0
       Dungeon | 100.0 | 100.0 |   0.8 |   0.0 |   0.0 | 241.0
               +-------+-------+-------+-------+-------+----------------------

Table legend:
 A = Kills in this place as a percentage of kills in entire the game.
 B = Kills by you in this place as a percentage of kills by you in the entire game.
 C = Kills by friends in this place as a percentage of kills by friends in the entire game.
 D = Other kills in this place as a percentage of other kills in the entire game.
 E = Experience gained in this place as a percentage of experience gained in the entire game.
 F = Experience gained in this place divided by the number of levels of this place that you have seen.
                   A       B       C       D       E      F
               +-------+-------+-------+-------+-------+----------------------
         Total | 100.0 | 100.0 |   N/A |   N/A | 100.0 |  25.3
       Dungeon | 100.0 | 100.0 |   N/A |   N/A | 100.0 |  25.3
               +-------+-------+-------+-------+-------+----------------------

Vault maps used:
D:1:      nicolae_arrival_kraken_aquarium_a, lemuel_old_faithful
D:2:      lemuel_coloured_pillars_altar, gammafunk_temple_overflow_arena,
          chequers_ecumenical_altar_simple_redux, uniq_robin
D:3:      gup_sewer_entry_pipe, fedhas_altar_1, uniq_sigmund
